 Dungeon Crawl Stone Soup version 0.17.0-9-g801d43b (console) character file.

1566 Kloppie the Archer (level 8, -9/70 HPs)
             Began as a Centaur Hunter on Nov 10, 2015.
             Killed by divine providence
             ... invoked by an orc priest
              (17 damage)
             ... on level 6 of the Dungeon.
             The game lasted 00:18:03 (5482 turns).

Kloppie the Archer (Centaur Hunter)                 Turns: 5482, Time: 00:18:03

Health: -9/70      AC: 13    Str: 16    XL:     8   Next: 59%
Magic:  8/8        EV:  8    Int: 10    God:
Gold:   236        SH:  0    Dex: 11    Spells: 0 memorised, 7 levels left

rFire  + . .     SeeInvis .     b - +1 trident (protect)
rCold  . . .     Clarity  .     w - +0 ring mail (curse)
rNeg   . . .     SustAt   .     (no shield)
rPois  .         Gourm    .     H - +0 helmet
rElec  .         Spirit   .     (no cloak)
rCorr  .         Warding  .     P - +0 pair of gloves
rMut   .         Stasis   +     (no barding)
MR     .....                    i - amulet of stasis
Stlth  ..........               (no ring)
                                D - ring of protection from fire

@: very quick, not resistant to hostile enchantments, extremely unstealthy
A: hooves 3, deformed body, speed 2, tough skin 3
a: no special abilities


You were on level 6 of the Dungeon.
You were not hungry.

You visited 1 branch of the dungeon, and saw 6 of its levels.

You collected 236 gold pieces.

Inventory:

Hand Weapons
 a - a +1 shortbow
 b - a +1 trident of protection (weapon)
 t - a +0 blowgun
 y - a +0 short sword
Missiles
 v - 39 poisoned needles
 B - 69 arrows
Armour
 w - a cursed +0 ring mail (worn)
 z - a +0 chain mail
 H - a +0 helmet (worn)
 P - a +0 pair of gloves (worn)
Jewellery
 i - an amulet of stasis (around neck)
 D - a ring of protection from fire (left hand)
 F - an uncursed amulet of faith {unknown}
 J - an uncursed ring of protection from cold {unknown}
Wands
 o - a wand of magic darts (0)
Scrolls
 d - 2 scrolls of magic mapping {unknown}
 h - 4 scrolls of recharging {unknown}
 j - a scroll of fog {unknown}
 k - 8 scrolls of identify {unknown}
 l - a scroll of noise {unknown}
 m - a scroll of remove curse {unknown}
 p - a scroll of blinking {unknown}
 x - 2 scrolls of enchant weapon {unknown}
 A - a scroll of random uselessness {unknown}
 G - a scroll of enchant armour {unknown}
 L - a scroll of amnesia {unknown}
Potions
 c - a potion of experience {unknown}
 f - a potion of cure mutation {unknown}
 n - a potion of lignification {unknown}
 q - a potion of poison {unknown}
 r - 4 potions of magic {unknown}
 s - 2 potions of curing
 E - 2 potions of heal wounds {unknown}
 I - a potion of agility {unknown}
 K - a potion of flight {unknown}
Comestibles
 e - 6 bread rations
 g - 2 slices of pizza
 u - 6 meat rations
 C - 2 royal jellies
 M - a beef jerky
 N - 3 fruits


   Skills:
 + Level 6.1 Fighting
 + Level 4.0 Polearms
 + Level 9.1 Bows
 + Level 4.0 Armour
 - Level 1.3 Dodging
 - Level 0.5 Stealth


You had 7 spell levels left.
You didn't know any spells.

Dungeon Overview and Level Annotations

Branches:
Dungeon (6/15)             Temple (0/1) D:6

Altars:
Ashenzari
Gozag
Kikubaaqudgha
Makhleb
Nemelex Xobeh
Sif Muna
Vehumet
Yredelemnul

Annotations:
D:2 Ijyb, Sigmund


Innate Abilities, Weirdness & Mutations

You have hooves in place of feet.
Armour fits poorly on your strangely shaped body.
You cover ground very quickly.
You have extremely tough skin (AC +3).


Message History

The phantom is heavily damaged.
The phantom hits you!
* * * LOW HITPOINT WARNING * * *
The orc warrior barely misses you.
You barely miss the phantom. Your kick misses the phantom.
The phantom is heavily damaged.
The phantom hits you but does no damage.
The orc warrior hits you from afar with a trident!
* * * LOW HITPOINT WARNING * * *
You miss the phantom.
The phantom is heavily damaged.
The phantom hits you but does no damage.
The orc warrior hits you from afar with a trident!
* * * LOW HITPOINT WARNING * * *
Drink which item? (? for menu, Esc to quit)
You feel better.
The phantom hits you but does no damage.
The orc priest mumbles some strange prayers to Beogh against you.
Something smites you!
You die...

####### #### ....... ..#
##########.# ###########
)...)...##.###.W@.oo...#
####....#.#.##.#######.#
#.#...###...# #)#
#.......(#### #W#
#.#####......######.######
#.# #.###.......))o....##
###.# #.# ..............#
##...# #.. ######.(..o#..#
#....# #.. .....(...# .#


You could see a phantom, an orc warrior and an orc priest.

Vanquished Creatures
  Edmund (D:6)
  Duvessa (D:6)
  A phantom (D:6)
  A centaur (D:6)
  A gnoll sergeant (D:6)
  A giant frog (D:6)
  Dowan (D:6)
  A scorpion (D:4)
  3 wights (D:6)
  3 crimson imps
  2 hounds
  2 jellies
  3 orc wizards
  A gnoll shaman (D:5)
  A centaur zombie (D:6)
  Jessica (D:2)
  2 iguanas
  A worker ant (D:6)
  9 adders
  18 gnolls
  A shadow imp (D:6)
  An ooze (D:1)
  A worm (D:2)
  3 giant geckos
  19 orcs
  6 bats
  6 giant cockroaches
  15 hobgoblins
  A quokka (D:2)
  8 giant newts
  11 goblins
  10 kobolds
  A quokka skeleton (D:5)
  8 rats
145 creatures vanquished.

Vanquished Creatures (others)
  2 plants (D:6)
2 creatures vanquished.

Grand Total: 147 creatures vanquished

Notes
Turn   | Place    | Note
--------------------------------------------------------------
     0 | D:1      | Kloppie the Centaur Hunter began the quest for the Orb.
     0 | D:1      | Reached XP level 1. HP: 17/17 MP: 1/1
   149 | D:1      | Reached XP level 2. HP: 24/24 MP: 2/2
   629 | D:1      | Reached XP level 3. HP: 30/30 MP: 3/3
   757 | D:2      | Noticed Sigmund
   862 | D:2      | Noticed Jessica
   865 | D:2      | Killed Jessica
   865 | D:2      | Reached skill level 6 in Bows
   865 | D:2      | Reached skill level 1 in Armour
  1038 | D:2      | Reached XP level 4. HP: 33/38 MP: 4/4
  1097 | D:2      | Found a basalt altar of Yredelemnul.
  1195 | D:2      | Noticed Ijyb
  1207 | D:2      | Found an ancient bone altar of Kikubaaqudgha.
  1717 | D:3      | Reached XP level 5. HP: 37/45 MP: 5/5
  2296 | D:4      | Found a shattered altar of Ashenzari.
  2604 | D:4      | Found a deep blue altar of Sif Muna.
  2625 | D:5      | Entered Level 5 of the Dungeon
  2639 | D:5      | Reached skill level 1 in Polearms
  2639 | D:5      | Reached skill level 7 in Bows
  2696 | D:5      | Reached XP level 6. HP: 48/52 MP: 6/6
  3158 | D:5      | Found an opulent altar of Gozag.
  3159 | D:5      | Found a sparkling altar of Nemelex Xobeh.
  3509 | D:6      | Noticed Edmund
  3544 | D:6      | Killed Edmund
  3544 | D:6      | Reached XP level 7. HP: 48/60 MP: 7/7
  4248 | D:6      | Reached skill level 5 in Fighting
  4248 | D:6      | Reached skill level 8 in Bows
  4599 | D:6      | Reached XP level 8. HP: 56/68 MP: 8/8
  4778 | D:6      | Noticed Duvessa
  4809 | D:6      | Killed Duvessa
  4829 | D:6      | Noticed Dowan
  4855 | D:6      | Killed Dowan
  5063 | D:6      | Found a radiant altar of Vehumet.
  5065 | D:6      | Found a burning altar of Makhleb.
  5149 | D:6      | Found a staircase to the Ecumenical Temple.
  5231 | D:6      | Reached skill level 9 in Bows
  5481 | D:6      | HP: 2/70 [orc warrior/trident (11)]
  5482 | D:6      | Killed from afar by an orc priest

Action                   |  1- 3 |  4- 6 |  7- 9 || total
-------------------------+-------+-------+-------++-------
Melee: Short sword       |    49 |    75 |       ||   124
       Trident           |       |    54 |   166 ||   220
       Spear             |       |     9 |       ||     9
 Fire: Shortbow          |    60 |    97 |    96 ||   253
       Blowgun           |       |    19 |    22 ||    41
  Use: Potion            |       |       |     1 ||     1
  Eat: Chunk             |       |     5 |     4 ||     9
       Beef jerky        |       |       |     2 ||     2
